 Dungeon Crawl Stone Soup version 0.29-a0-234-g0dae59b3db (webtiles) character file.

Game seed: 2152221761110412614

16543 HotDog the Basher (level 12, -11/119 HPs)
             Began as a Troll Fighter on Mar 2, 2022.
             Was a High Priest of Okawaru.
             Mangled by a skeletal warrior
             ... wielding a +0 battleaxe
              (24 damage)
             ... on level 11 of the Dungeon.
             The game lasted 00:17:04 (10570 turns).

HotDog the Basher (Troll Fighter)                  Turns: 10570, Time: 00:17:05

Health: -11/119    AC: 17    Str: 29    XL:     12   Next: 11%
Magic:  12/12      EV: 11    Int:  4    God:    Okawaru [*****.]
Gold:   713        SH:  0    Dex: 11    Spells: 11/11 levels left

rFire   + . .      SeeInvis .   i - +8 giant club (spect)
rCold   . . .      Faith    .   (shield currently unavailable)
rNeg    . . .      Spirit   .   N - +4 acid dragon scales
rPois   .          Reflect  .   (helmet restricted)
rElec   .          Harm     .   o - +0 cloak
rCorr   +          Rampage  .   (gloves unavailable)
Will    .....                   (boots unavailable)
Stlth   +.........              (no amulet)
HPRegen 1.09/turn               s - +4 ring of protection
MPRegen 0.13/turn               n - ring of protection from fire

@: no status effects
A: large, unfitting armour, claws 3, regeneration 1, shaggy fur 1, tough skin 1
a: Renounce Religion, Heroism, Finesse, Duel


You were on level 11 of the Dungeon.
You worshipped Okawaru.
Okawaru was extremely pleased with you.
You visited 2 branches of the dungeon, and saw 13 of its levels.

You collected 713 gold pieces.

Inventory:

Hand Weapons
 i - a +8 spectral giant club (weapon)
Missiles
 v - 2 throwing nets
 P - 3 large rocks (quivered)
Armour
 o - a +0 cloak (worn)
 N - +4 acid dragon scales (worn)
Jewellery
 c - a ring of poison resistance
 h - a ring of magical power
 n - a ring of protection from fire (right claw)
 s - a +4 ring of protection (left claw)
 A - a ring of protection from fire
 C - a ring of protection from cold
 E - a ring of resist corrosion
 J - a ring of ice
Wands
 m - a wand of flame (22)
 z - a wand of iceblast (15)
 H - a wand of polymorph (14)
 K - a wand of digging (3)
Scrolls
 a - 2 scrolls of fear
 b - a scroll of amnesia {unknown}
 j - a scroll of silence
 k - 3 scrolls of noise
 p - 3 scrolls of teleportation
 q - a scroll of blinking
 u - a scroll of identify
 y - a scroll of holy word {unknown}
 B - a scroll of torment
 F - a scroll of fog {unknown}
 I - a scroll of vulnerability
 L - 3 scrolls of immolation {unknown}
Potions
 d - 3 potions of might
 e - 7 potions of degeneration
 f - 5 potions of curing
 g - a potion of cancellation {unknown}
 l - a potion of heal wounds
 r - 3 potions of mutation
 t - 2 potions of attraction {unknown}
 w - 2 potions of resistance
 x - 2 potions of brilliance
 D - a potion of lignification {unknown}
 G - 2 potions of flight
 M - a potion of magic {unknown}
 O - a potion of ambrosia


   Skills:
 * Level 8.0 Fighting
 * Level 14.2 Maces & Flails
 * Level 2.1 Throwing
 + Level 1.1 Armour
 * Level 6.7 Dodging
 - Level 3.0 Shields
 * Level 2.1 Invocations


You had 11 spell levels left.
You didn't know any spells.
Your spell library contained the following spells:

 Spells                   Type           Power      Damage    Failure   Level
 Apportation              Tloc           0%         N/A       56%         1
 Slow                     Hex            0%         N/A       56%         1
 Confusing Touch          Hex            0%         N/A       90%         3
 Dazzling Flash           Conj/Hex       0%         N/A       90%         3
 Ignite Poison            Fire/Tmut/Pois 0%         N/A       90%         3
 Mephitic Cloud           Conj/Pois/Air  0%         N/A       90%         3
 Vampiric Draining        Necr           0%         2d6       90%         3
 Iskenderun's Mystic Bla  Conj/Tloc      0%         2d3       100%        4
 Alistair's Intoxication  Tmut/Pois      0%         N/A       100%        5
 Freezing Cloud           Conj/Ice/Air   0%         6-21      100%        5
 Yara's Violent Unravell  Hex/Tmut       0%         3d3       100%        5
 Starburst                Conj/Fire      0%         6d3       100%        6
 Enfeeble                 Hex            0%         N/A       100%        7
 Animate Skeleton         Necr           Unusable   N/A       N/A         1
 Summon Small Mammal      Summ           Unusable   N/A       N/A         1

Dungeon Overview and Level Annotations

Branches:
Dungeon (12/15)            Temple (1/1) D:6            Lair (0/6) D:11
    Orc (0/2) D:9

Altars:
Ashenzari
Cheibriados
Dithmenos
Elyvilon
Fedhas
Gozag
Hepliaklqana
Kikubaaqudgha
Makhleb
Nemelex Xobeh
Okawaru
Qazlal
Ru
Sif Muna
Trog
Uskayaw
Vehumet
Wu Jian
Xom
Yredelemnul
Zin
The Shining One

Shops:
D:4 =   D:7 (   D:8 :   D:10 [

Annotations:
D:10 3 runed translucent doors, fritzmikael's ghost, novice DDHu


Innate Abilities, Weirdness & Mutations

You are too large for most types of armour.
You have claws for hands.
Your natural rate of healing is unusually fast.
You are covered in fur. (AC +1)
You have tough skin. (AC +1)


Message History

You closely miss the skeletal warrior.
Your +8 spectral giant club hits the skeletal warrior!!
The skeletal warrior misses you.
The skeletal warrior misses your +8 spectral giant club.
The skeletal warrior hits you but does no damage.
You hit the skeletal warrior.
The skeletal warrior is heavily damaged.
Your +8 spectral giant club hits the skeletal warrior!
The skeletal warrior hits you with a +0 war axe!!
The skeletal warrior hits your +8 spectral giant club but does no damage.
You are too injured to fight recklessly!
You are too injured to fight recklessly!
You are too injured to fight recklessly!
You are too injured to fight recklessly!
Unknown command.
You hit the skeletal warrior.
The skeletal warrior is severely damaged.
Your +8 spectral giant club hits the skeletal warrior!
The skeletal warrior hits you with a +0 battleaxe!!
* * * LOW HITPOINT WARNING * * *
You catch the helpless skeletal warrior completely off-guard!
You thump the skeletal warrior!
The skeletal warrior is almost destroyed.
Your +8 spectral giant club hits the skeletal warrior!!
You destroy the skeletal warrior!
Okawaru is honoured by your kill.
The skeletal warrior hits you with a +0 battleaxe!
* * * LOW HITPOINT WARNING * * *
You hit the skeletal warrior but do no damage.
Your +8 spectral giant club hits the skeletal warrior!!
The skeletal warrior hits you with a +0 battleaxe.
* * * LOW HITPOINT WARNING * * *
The skeletal warrior hits your +8 spectral giant club with a +0 battleaxe.
Your spectral weapon shares its damage with you!
* * * LOW HITPOINT WARNING * * *
You sock the skeletal warrior!
The skeletal warrior is heavily damaged.
Your +8 spectral giant club hits the skeletal warrior!!
The skeletal warrior hits you with a +0 battleaxe!!
You die...

...≈......#....))......#.#.#.#.#
.≈≈8≈≈....#.....########.#.#.#.#
≈≈≈.≈≈≈...#.....# #...#...#
≈.....≈≈..####### ###.#####
.......§≈.#.<# ##..#
..._...≈≈.##'####### #..##
.......≈≈.#........# ##'#######
..........#...()§..# #..[.....#
###########.....@..####........#
..##.#...........z.#..'........#
..##.#..>..........#.##........#
..#..#.............#.##........#
..#.##.............'.##........#
..'.##.............####........#
..####.............# #........#
..# #.............# #........#
### #####'######### #####'####


You could see a skeletal warrior (ally target) and a friendly +8 spectral giant
club (summoned).

Vanquished Creatures
  A hydra (D:11)
  Erica (D:9)
  A boulder beetle (D:11)
  4 two-headed ogres
  2 skeletal warriors
  Pikel (D:8)
  A manticore (D:8)
  A cyclops (D:11)
  A rust devil (D:11)
  An unseen horror (D:10)
  A tengu conjurer (D:11)
  3 slime creatures (D:12)
  2 trolls
  Sigmund (D:5)
  2 shadows
  A wraith (D:11)
  2 vampires
  2 wyverns (D:8)
  17 yaks
  3 vampire mosquitoes (D:12)
  A steam dragon (D:5)
  2 acid dragons (D:10)
  2 water moccasins
  5 orc warriors
  A swamp drake (D:9)
  An ice beast (D:8)
  A sky beast (D:6)
  4 ogres
  A phantom (D:4)
  Blork the orc (D:5)
  4 kobold brigands
  8 bullfrogs
  3 necrophages (D:6)
  A gnoll sergeant (D:9)
  A scorpion (D:5)
  4 wights
  A killer bee (D:10)
  3 howler monkeys
  A crimson imp (D:5)
  3 jellies
  7 orc priests
  2 hounds
  3 iguanas
  Jessica (D:3)
  Crazy Yiuf (D:3)
  Natasha (thrice) (D:3)
  6 orc wizards
  A mummy (D:9)
  8 gnolls
  9 adders
  2 white imps
  3 ufetubi
  A worm (D:2)
  2 dart slugs (D:2)
  38 orcs
  10 ball pythons
  7 endoplasms
  2 giant cockroaches (D:1)
  6 goblins
  10 hobgoblins
  3 jackals (D:1)
  3 quokkas
  8 bats
  A frilled lizard (D:1)
  23 kobolds
  2 rats
258 creatures vanquished.

Vanquished Creatures (others)
  A plant (D:9)
1 creature vanquished.

Grand Total: 259 creatures vanquished

Notes
Turn   | Place    | Note
-------+----------+-------------------------------------------
     0 | D:1      | HotDog the Troll Fighter began the quest for the Orb.
     0 | D:1      | Reached XP level 1. HP: 22/22 MP: 0/0
   190 | D:1      | Reached XP level 2. HP: 28/29 MP: 1/1
   243 | D:1      | Reached skill level 2 in Maces & Flails
   472 | D:1      | Found a faded altar of an unknown god.
   909 | D:2      | Reached XP level 3. HP: 34/36 MP: 2/2
  1780 | D:3      | Reached XP level 4. HP: 44/44 MP: 3/3
  2093 | D:3      | Identified a scroll of acquirement
  2138 | D:3      | Reached skill level 3 in Maces & Flails
  2162 | D:3      | Acquired a +7 spectral giant club
  2174 | D:3      | Noticed Jessica
  2182 | D:3      | Killed Jessica
  2183 | D:3      | Reached XP level 5. HP: 53/53 MP: 4/4
  2202 | D:3      | Noticed Natasha
  2214 | D:3      | Killed Natasha
  2408 | D:3      | Found a runed translucent door.
  2409 | D:3      | Noticed Crazy Yiuf
  2474 | D:3      | Noticed Natasha
  2479 | D:3      | Killed Natasha
  2552 | D:3      | Found a sacrificial altar of Ru.
  2671 | D:3      | Noticed Natasha
  2672 | D:3      | Killed Natasha
  2716 | D:3      | Killed Crazy Yiuf
  3064 | D:4      | Noticed a phantom
  3067 | D:4      | Reached XP level 6. HP: 61/61 MP: 5/5
  3071 | D:4      | Reached skill level 4 in Maces & Flails
  3221 | D:4      | Found an ornate altar of the Wu Jian Council.
  3221 | D:4      | Found an opulent altar of Gozag.
  3464 | D:4      | Found Wijuxe's Jewellery Shop.
  3615 | D:5      | Entered Level 5 of the Dungeon
  3642 | D:5      | Noticed Sigmund
  3656 | D:5      | Killed Sigmund
  3657 | D:5      | Reached XP level 7. HP: 67/67 MP: 6/6
  3673 | D:5      | Reached skill level 5 in Maces & Flails
  4095 | D:5      | Noticed a steam dragon
  4101 | D:5      | Killed a steam dragon
  4102 | D:5      | Reached skill level 6 in Maces & Flails
  4127 | D:5      | Noticed Blork the orc
  4136 | D:5      | Killed Blork the orc
  4226 | D:5      | Reached XP level 8. HP: 67/78 MP: 7/7
  4401 | D:5      | Found a burning altar of Makhleb.
  4402 | D:5      | Found a radiant altar of Vehumet.
  4768 | D:6      | Reached skill level 7 in Maces & Flails
  4933 | D:6      | Found a staircase to the Ecumenical Temple.
  5025 | D:6      | You fall into a shaft and drop 3 floors!
  5026 | D:9      | Noticed a two-headed ogre
  5028 | D:9      | Noticed a two-headed ogre
  5033 | D:9      | Killed a two-headed ogre
  5034 | D:9      | Reached skill level 8 in Maces & Flails
  5034 | D:9      | Reached XP level 9. HP: 74/87 MP: 8/8
  5034 | D:9      | Killed a two-headed ogre
  5035 | D:9      | Reached skill level 5 in Fighting
  5035 | D:9      | Reached skill level 9 in Maces & Flails
  5037 | D:9      | Reached skill level 5 in Dodging
  5045 | D:9      | Reached skill level 10 in Maces & Flails
  5173 | D:9      | Reached XP level 10. HP: 84/98 MP: 9/9
  5550 | Temple   | Entered the Ecumenical Temple
  5652 | Temple   | Became a worshipper of Warmaster Okawaru
  5747 | D:6      | Reached skill level 11 in Maces & Flails
  6003 | D:7      | Found Haci's Antique Weapon Emporium.
  6221 | D:7      | Found a stormy altar of Qazlal.
  6715 | D:8      | Found Wuikunen's Book Shoppe.
  6726 | D:8      | Found a white marble altar of Elyvilon.
  6773 | D:8      | Noticed a manticore
  6776 | D:8      | Noticed Pikel
  6787 | D:8      | Killed a manticore
  6787 | D:8      | Reached * piety under Okawaru
  6790 | D:8      | Killed Pikel
  6791 | D:8      | Reached skill level 12 in Maces & Flails
  7448 | D:8      | Reached ** piety under Okawaru
  7568 | D:8      | Identified the +0 scale mail of Good Intentions {Harm rC+
                  | Str+6}
  7950 | D:9      | Reached XP level 11. HP: 90/107 MP: 10/10
  8049 | D:9      | Found a snail-covered altar of Cheibriados.
  8139 | D:9      | Noticed Erica
  8144 | D:9      | Killed Erica
  8400 | D:9      | Found a staircase to the Orcish Mines.
  8668 | D:9      | Reached *** piety under Okawaru
  8777 | D:10     | Entered Level 10 of the Dungeon
  8852 | D:10     | Reached skill level 13 in Maces & Flails
  8960 | D:10     | Noticed fritzmikael's ghost (novice DDHu)
  8962 | D:10     | Found a runed translucent gate.
  8962 | D:10     | Found a runed translucent gate.
  8962 | D:10     | Found a runed translucent gate.
  8963 | D:10     | Noticed a centaur warrior
  9030 | D:10     | Noticed a two-headed ogre
  9035 | D:10     | Killed a two-headed ogre
  9041 | D:10     | Found a shimmering blue altar of Sif Muna.
  9135 | D:10     | Reached **** piety under Okawaru
  9436 | D:10     | Noticed a two-headed ogre
  9440 | D:10     | Killed a two-headed ogre
  9452 | D:10     | Found Efuur's Antique Armour Boutique.
  9745 | D:11     | Noticed a boulder beetle
  9751 | D:11     | Killed a boulder beetle
  9751 | D:11     | Reached ***** piety under Okawaru
  9952 | D:11     | Found a burning altar of Makhleb.
  9965 | D:11     | Reached skill level 1 in Throwing
  9965 | D:11     | Reached skill level 1 in Invocations
 10086 | D:11     | Noticed a six-headed hydra
 10089 | D:11     | Killed a six-headed hydra
 10173 | D:11     | Reached skill level 14 in Maces & Flails
 10251 | D:11     | Found a staircase to the Lair.
 10484 | D:12     | Identified the +0 animal skin of the Depths {Harm +Blink
                  | rF+ Int+3} (Okawaru gifted it to you on level 12 of the
                  | Dungeon)
 10484 | D:12     | Received a gift from Okawaru
 10485 | D:12     | Reached XP level 12. HP: 118/119 MP: 12/12
 10534 | D:12     | Reached ****** piety under Okawaru
 10535 | D:12     | Reached skill level 1 in Armour
 10570 | D:11     | Mangled by a skeletal warrior

Illustrated notes

Levels and vault maps discovered:
D:1:      roderic_octagonal_star, layout_loops_ring,
          shapermc_ecumenical_altar_mp_highgroup, amcnicky_mini_pool_small,
          kennysheep_decorative_pillar, minmay_misc_feat_alley,
          serial_bayou_ford_a, grunt_decor_clamped
D:2:      layout_loops_corners, grunt_decor_mini_mirrors, columned_hall_lemuel
D:3:      layout_rooms, nicolae_ru_path_of_blood, uniq_jessica, uniq_natasha,
          uniq_crazy_yiuf_cottage
D:4:      layout_loops_ring, gammafunk_temple_overflow_elements, serial_shops,
          shop_coins, minmay_misc_feat_enclosed, chequers_avenue,
          kennysheep_generic_room_16
D:5:      layout_basic, grunt_temple_overflow_lords_of_destruction,
          uniq_sigmund, uniq_blork_the_orc
D:6:      layout_cave_pools, minmay_temple_entry_butterflies,
          roderic_cross_of_infinity, corexii_shack
D:7:      layout_gridville, grunt_qazlal_clouds, serial_shops, shop
D:8:      layout_loops_corners, elyvilon_altar_4, serial_shops, shop_fountains,
          kennysheep_generic_room_3, uniq_pikel
D:9:      corexii_shack_village, layout_cave_pools, slow_altar_1, erik_orc_1,
          uniq_erica
D:10:     layout_basic, kennysheep_mini_moat, serial_shops,
          nicolae_shop_behind_doors, gammafunk_ghost_split,
          minmay_fractal_squares_diagonal_5
D:11:     layout_roguey, lair_entry_dummy, demons_altar
D:12:     layout_layer_cave, lightli_wizard_tower
Temple:   cyrus_circular_temple

Skill      XL: |  1  2  3  4  5  6  7  8  9 10 11 12 |
---------------+-------------------------------------+-----
Maces & Flails | 2 3 4 6 8 10 12 14 | 14.2
Dodging        | 3 4 5 6 |  6.7
Fighting       | 3 4 5 6 7 8 |  8.0
Shields        | 3 |  3.0
Throwing       | 1 2 |  2.1
Invocations    | 1 2 |  2.1
Armour         | 1 |  1.1

Action                   |  1- 3 |  4- 6 |  7- 9 | 10-12 || total
-------------------------+-------+-------+-------+-------++-------
Melee: Flail             |   122 |    69 |       |       ||   191
       Giant club        |       |    23 |    77 |   238 ||   338
Throw: Large rock        |       |       |       |     1 ||     1
Invok: Heroism           |       |       |       |     3 ||     3
  Use: Scroll            |       |     8 |       |    12 ||    20
       Potion            |       |     2 |       |     4 ||     6
 Stab: Sleeping          |     1 |       |       |       ||     1
       Distracted        |       |     1 |       |     4 ||     5
Armor: Robe              |    63 |    34 |    12 |    45 ||   154
       Acid dragon scale |       |       |       |    27 ||    27
Dodge: Dodged            |    70 |    54 |    41 |   120 ||   285
Block: Kite shield       |    78 |    33 |       |       ||   111

Table legend: (Time is in decaauts)
 A = Elapsed time spent in this place.
 B = Non-inter-level travel time spent in this place.
 C = Inter-level travel time spent in this place.
 D = Time resting spent in this place.
 E = Time spent auto-exploring this place.
 F = Levels seen in this place.
 G = Mean time per level.
                   A        B        C        D        E       F      G
               +--------+--------+--------+--------+--------+-----+--------+
         Total |  10690 |  10238 |    452 |   1441 |   7045 |  13 |  822.3 |
       Dungeon |  10572 |  10120 |    452 |   1441 |   7001 |  12 |  881.0 |
        Temple |    117 |    117 |      0 |      0 |     44 |   1 |  117.0 |
               +--------+--------+--------+--------+--------+-----+--------+

Top non-repeatable levels by time:
     D:8: 1482 daAuts
     D:9: 1238 daAuts
     D:5: 1070 daAuts
     D:2: 1018 daAuts
     D:3: 1007 daAuts
    D:10: 963 daAuts
     D:4: 845 daAuts
     D:1: 844 daAuts
    D:11: 714 daAuts
     D:7: 699 daAuts
     D:6: 581 daAuts
  Temple: 117 daAuts
    D:12: 108 daAuts
